 Dungeon Crawl Stone Soup version 0.25-a0-697-g890751e744 (webtiles) character file.

Game seed: 14107024850553422491, levelgen mode: deterministic

384 kae the Ruffian (level 6, 0/47 HPs)
             Began as a Draconian Transmuter on Mar 31, 2020.
             Slain by an iguana (13 damage)
             ... on level 4 of the Dungeon.
             The game lasted 00:02:41 (3220 turns).

kae the Ruffian (Draconian Transmuter)              Turns: 3220, Time: 00:02:42

Health: 0/47       AC:  2    Str: 13    XL:     6   Next: 47%
Magic:  6/11       EV: 19    Int: 15    God:
Gold:   212        SH:  0    Dex: 16    Spells: 2/12 levels left

rFire    . . .     SeeInvis .     - Unarmed
rCold    . . .     Gourm    .   (shield currently unavailable)
rNeg     . . .     Faith    .   (armour unavailable)
rPois    x         Spirit   .   (helmet currently unavailable)
rElec    .         Reflect  .   (cloak currently unavailable)
rCorr    .         Harm     .   (gloves currently unavailable)
MR       .....                  (boots currently unavailable)
Stlth    +.........             (no amulet)
HPRegen  0.15/turn              (no ring)
MPRegen  0.12/turn              (no ring)

@: spider-form
A: tiny, unfitting armour, AC +6
a: End Transformation


You were on level 4 of the Dungeon.
You were not hungry.
You were a venomous arachnid creature.
You visited 1 branch of the dungeon, and saw 4 of its levels.

You collected 212 gold pieces.

Inventory:

Missiles
 a - 45 arrows
Jewellery
 j - a +4 ring of dexterity {unknown}
Scrolls
 d - 2 scrolls of identify
 e - a scroll of magic mapping
 h - 2 scrolls of teleportation
 k - a scroll of random uselessness
 o - a scroll of remove curse
Potions
 b - 3 potions of ambrosia {unknown}
 f - 3 potions of magic
 g - 2 potions of haste {unknown}
 i - 3 potions of heal wounds {unknown}
 l - a potion of might {unknown}
 m - 4 potions of curing {unknown}
 n - 2 potions of mutation {unknown}
 p - a potion of lignification {unknown}
Comestibles
 c - 6 rations


   Skills:
 - Level 1.1 Fighting
 - Level 1.7 Dodging
 * Level 5.6 Unarmed Combat
 + Level 3.5 Spellcasting
 + Level 3.8 Transmutations


You had 2 spell levels left.
You knew the following spells:

 Your Spells              Type           Power        Failure   Level  Hunger
a - Beastly Appendage     Tmut           ##....       13%         1    None
b - Sticks to Snakes      Tmut           ##......     17%         2    ##.....
c - Spider Form           Tmut/Pois      #.........   47%         3    ###....
d - Ice Form              Ice/Tmut       #.......     83%         4    ####...

Your spell library contained the following spells:

 Spells                   Type           Power        Failure   Level  Hunger
 Blade Hands              Tmut           ##........   88%         5    ######.


Dungeon Overview and Level Annotations

Branches:
Dungeon (4/15)
 Temple: D:4-7

Altars:
Dithmenos
Kikubaaqudgha
Trog
Uskayaw
Wu Jian

Shops:
D:4 }


Innate Abilities, Weirdness & Mutations

((Your plain brown scales are hard. (AC +6)))
You cannot fit into any form of body armour.
((You are cold-blooded and may be slowed by cold attacks.))


Message History

You are too injured to fight recklessly!
You are too injured to fight recklessly!
You are too injured to fight recklessly!
You are too injured to fight recklessly!
You are too injured to fight recklessly!
Your transformation has ended.
The orc hits you.
You hit the iguana but do no damage.
The iguana is severely wounded.
The iguana bites you!
* * * LOW HITPOINT WARNING * * *
You hit the iguana but do no damage.
The iguana is severely wounded.
The iguana closely misses you.
Casting: Spider Form (safe; 26% risk of failure)
Confirm with . or Enter, or press ? or * to list all spells.
You turn into a venomous arachnid creature.
The iguana hisses menacingly.
The iguana bites you!
You die...

# # ## #.# #.
######..#P.P #.
#....)..P.P. #.
####........PP#
#.
#slll.......###
#. ###ol.......#
###. #.........#
#...
#.........###...
#.........#.....
#.........#.#...
##..........#...
#.......<.######
#.........#


You could see an iguana, an orc, a leopard gecko and 2 frilled lizards.

Vanquished Creatures
  2 phantoms (D:4)
  Blork the orc (D:4)
  A hound skeleton (D:4)
  3 gnolls (D:3)
  4 adders
  An ooze (D:2)
  2 adder skeletons (D:4)
  A worm (D:2)
  A dart slug (D:1)
  3 leopard geckos
  2 orcs (D:4)
  4 goblins
  8 hobgoblins
  3 jackals (D:1)
  9 kobolds
  7 bats
  3 frilled lizards
  7 rats
62 creatures vanquished.

Notes
Turn   | Place    | Note
-------+----------+-------------------------------------------
     0 | D:1      | kae the Draconian Transmuter began the quest for the Orb.
     0 | D:1      | Reached XP level 1. HP: 16/16 MP: 3/3
   266 | D:1      | Reached XP level 2. HP: 21/23 MP: 3/5
   365 | D:1      | HP: 1/23 [hobgoblin/+0 club (5)]
   977 | D:2      | Found a shadowy altar of Dithmenos,
  1003 | D:2      | Reached XP level 3. HP: 28/28 MP: 6/6
  1105 | D:2      | Found a bloodstained altar of Trog,
  1108 | D:2      | Found an ornate altar of the Wu Jian Council,
  1711 | D:2      | Reached skill level 4 in Unarmed Combat
  1888 | D:3      | Reached XP level 4. HP: 33/35 MP: 7/7
  2047 | D:3      | Found an ancient bone altar of Kikubaaqudgha,
  2056 | D:3      | Learned a level 2 spell: Sticks to Snakes
  2060 | D:3      | Learned a level 3 spell: Spider Form
  2289 | D:3      | Found a hide-covered altar of Uskayaw,
  2589 | D:4      | Noticed Blork the orc
  2596 | D:4      | Killed Blork the orc
  2596 | D:4      | Reached XP level 5. HP: 18/40 MP: 5/9
  2765 | D:4      | Learned a level 4 spell: Ice Form
  2790 | D:4      | Found Zuedione's Gadget Shoppe,
  2812 | D:4      | Noticed a phantom
  2843 | D:4      | Killed a phantom
  2843 | D:4      | Reached skill level 5 in Unarmed Combat
  2843 | D:4      | Reached XP level 6. HP: 20/47 MP: 0/11
  3220 | D:4      | Slain by an iguana

Levels and vault maps discovered:
D:1:      lightli_arrival_isolated_outpost, layout_basic, serial_curves,
          eino_curves_02, eino_curves_03
D:2:      layout_basic, chequers_temple_overflow_statue_of_worship,
          grunt_dithmenos_smoke
D:3:      layout_rooms, kiku_gazebo_pond_becter, eat_drink_and_be_merry_uskayaw
D:4:      layout_rooms, serial_shops, shop, minmay_lizard_king,
          uniq_blork_the_orc

Skill      XL: |  1  2  3  4  5 |
---------------+----------------+-----
Unarmed Combat | 4 5 |  5.6
Spellcasting   | 3 |  3.5
Transmutations | 3 |  3.8
Fighting       | |  1.1
Dodging        | |  1.7

Action                   |  1- 3 |  4- 6 || total
-------------------------+-------+-------++-------
Melee: Unarmed           |   129 |   101 ||   230
       Kick              |    13 |     3 ||    16
       Tailslap          |     6 |     2 ||     8
       Headbutt          |     2 |     1 ||     3
       Punch             |       |     1 ||     1
 Cast: Beastly Appendage |    26 |     7 ||    33
       Spider Form       |       |     7 ||     7
       Ice Form          |       |     2 ||     2
  Use: Scroll            |     8 |       ||     8
  Eat: Chunk             |     3 |     4 ||     7
       Ration            |       |     1 ||     1
Armor: Skin              |    48 |    38 ||    86
Dodge: Dodged            |    91 |    78 ||   169

Table legend:
 A = Non-vault XP
 B = Vault XP
 C = Vault XP percentage of total XP
 D = Non-vault monster count
 E = Vault monster count
 F = Vault count percentage of total count
                 A         B        C        D         E       F
            +---------+---------+-------+---------+---------+-------
      Total |     449 |     100 |  18.2 |      59 |       3 |   4.8
            +---------+---------+-------+---------+---------+-------
        D:1 |      34 |       0 |   0.0 |      18 |       0 |   0.0
        D:2 |      48 |       0 |   0.0 |      20 |       0 |   0.0
        D:3 |      81 |       0 |   0.0 |      13 |       0 |   0.0
        D:4 |     286 |     100 |  25.9 |       8 |       3 |  27.3
            +---------+---------+-------+---------+---------+-------
